 Dungeon Crawl Stone Soup version 0.23-a0-407-g92528d7 (webtiles) character file.

1691 MisterFreud the Cleaver (level 9, -11/112 HPs)
             Began as a Hill Orc Berserker on Nov 7, 2018.
             Was a Priest of Trog.
             Mangled by an orc knight
             ... wielding a +0 broad axe
              (14 damage)
             ... in a bailey.
             The game lasted 00:14:58 (6055 turns).

MisterFreud the Cleaver (Hill Orc Berserker)        Turns: 6055, Time: 00:14:59

Health: -11/112    AC: 14    Str: 28    XL:     9   Next: 2%
Magic:  9/9        EV:  9    Int:  7    God:    Trog [***...]
Gold:   324        SH:  0    Dex: 10    Spells: 8/8 levels left

rFire    . . .     SeeInvis +   g - -2 war axe (curse)
rCold    . . .     Gourm    .   (no shield)
rNeg     + . .     Faith    .   f - +2 chain mail {rPois}
rPois    +         Spirit   .   n - +1 helmet
rElec    .         Reflect  .   (no cloak)
rCorr    .         Harm     .   (no gloves)
MR       ++...                  (no boots)
Stlth    ..........             (no amulet)
HPRegen  1.28/turn              l - ring of see invisible
MPRegen  0.11/turn              s - ring of positive energy

@: berserking (expiring), regenerating, very quick
A: no striking features
a: Berserk, Trog's Hand, Renounce Religion


You were in a bailey.
You worshipped Trog.
Trog was most pleased with you.
You were very hungry.

You visited 1 branch of the dungeon, and saw 7 of its levels.
You also visited: Bailey.

You collected 324 gold pieces.

Inventory:

Hand Weapons
 a - a +0 hand axe
 g - a cursed -2 war axe (weapon)
Missiles
 q - 34 arrows
 r - 57 stones (quivered)
 v - 3 tomahawks
 w - 11 sling bullets
 x - 16 bolts
 H - a tomahawk of returning
Armour
 b - a +0 animal skin
 f - a +2 chain mail of poison resistance (worn)
 n - a +1 helmet (worn)
Jewellery
 l - a ring of see invisible (left hand)
 p - an uncursed ring of fire
 s - a ring of positive energy (right hand)
Wands
 t - a wand of digging (9)
Scrolls
 e - 2 scrolls of identify
 k - 4 scrolls of remove curse
 u - a scroll of blinking {unknown}
 y - 2 scrolls of enchant armour {unknown}
 B - a scroll of magic mapping
 C - a scroll of fear
 D - a scroll of teleportation
 E - a scroll of torment {unknown}
Potions
 d - 2 potions of brilliance
 h - a potion of flight
 i - 2 potions of magic
 j - a potion of haste
 m - 3 potions of degeneration
 o - a potion of invisibility
 z - a potion of curing {unknown}
 A - a potion of resistance {unknown}
Miscellaneous
 G - a fan of gales
Comestibles
 c - 14 rations
 F - 4 chunks of flesh


   Skills:
 - Level 6.1 Fighting
 + Level 12.0 Axes
 - Level 6.1 Armour
 - Level 1.5 Dodging


You had 8 spell levels left.
You didn't know any spells.
Your spell library was empty.

Dungeon Overview and Level Annotations

Branches:
Dungeon (7/15)             Temple (0/1) D:4

Altars:

Annotations:
D:3 2 runed doors, Gildeon's ghost, amateur DEFi


Message History

Trog accepts your kill.
You hit the orc warrior.
The orc warrior hits you with a +0 war axe!!
* * * LOW HITPOINT WARNING * * *
You hit the orc knight but do no damage.
The orc knight is severely wounded.
You hit the orc warrior.
The orc knight hits you with a +0 broad axe.
* * * LOW HITPOINT WARNING * * *
You slice the orc knight!!
The orc knight is almost dead.
You closely miss the orc warrior.
The orc warrior hits you with a +0 war axe!!
* * * LOW HITPOINT WARNING * * *
You are too berserk!
You hit the orc knight.
The orc knight is almost dead.
You hit the orc warrior.
The orc knight hits you with a +0 broad axe!
You die...

####._.####
###.)$...[".###
#.............#
...............
...............
#.............#
#.........#
#.o)# ###@###
##.o...##
#...8...#
#∩.....∩#
##...).##
####+++####
##≈.......≈##
#≈≈....(..≈≈###
+≈≈....(..≈≈K.+


You could see an orc knight and an orc warrior.

Vanquished Creatures
  Grinder (D:5)
  An orc warrior (Bailey)
  A phantom (D:4)
  An ice beast (D:7)
  2 ogres
  A necrophage (D:6)
  A centaur (D:4)
  2 big kobolds (D:7)
  3 crimson imps
  2 jellies (D:5)
  3 orc wizards
  A centaur skeleton (D:7)
  A gnoll shaman (D:4)
  6 worker ants
  A hound zombie (D:5)
  Robin (D:3)
  8 gnolls
  5 adders
  2 oozes
  An adder zombie (D:6)
  3 worms
  2 dart slugs
  5 leopard geckos
  9 orcs
  3 giant cockroaches
  20 goblins
  7 hobgoblins
  12 jackals
  5 quokkas
  9 bats
  6 frilled lizards
  20 kobolds
  A quokka zombie (D:5)
  5 rats
151 creatures vanquished.

Notes
Turn   | Place    | Note
-------+----------+-------------------------------------------
     0 | D:1      | MisterFreud the Hill Orc Berserker began the quest for the
                  | Orb.
     0 | D:1      | Reached XP level 1. HP: 19/19 MP: 1/1
   292 | D:1      | Reached XP level 2. HP: 24/26 MP: 2/2
   387 | D:1      | Reached skill level 5 in Axes
   527 | D:1      | Reached XP level 3. HP: 27/31 MP: 3/3
   689 | D:2      | Reached ** piety under Trog
   811 | D:2      | Reached skill level 6 in Axes
   940 | D:2      | Reached XP level 4. HP: 24/39 MP: 4/4
  1228 | D:2      | Reached skill level 7 in Axes
  1553 | D:3      | Reached XP level 5. HP: 45/45 MP: 5/5
  1644 | D:3      | Reached skill level 8 in Axes
  1704 | D:3      | Found a large runed door.
  1705 | D:3      | Found a large runed door.
  1706 | D:3      | Noticed Gildeon's ghost (amateur DEFi)
  1867 | D:3      | Noticed Robin
  1898 | D:3      | HP: 2/45 [Robin/+0 whip (6)]
  1909 | D:3      | Killed Robin
  2023 | D:3      | Reached XP level 6. HP: 31/51 MP: 6/6
  2652 | D:4      | Reached *** piety under Trog
  2685 | D:4      | Noticed a phantom
  2689 | D:4      | Reached skill level 9 in Axes
  2789 | D:3      | Reached skill level 10 in Axes
  2855 | D:4      | Reached XP level 7. HP: 57/57 MP: 7/7
  3477 | D:4      | Reached skill level 5 in Fighting
  3848 | D:4      | Found a staircase to the Ecumenical Temple.
  3922 | D:5      | Entered Level 5 of the Dungeon
  4081 | D:5      | Noticed Grinder
  4102 | D:6      | HP: 3/63 [poisoned by a worker ant]
  4508 | D:5      | Paralysed by Grinder for 6 turns
  4707 | D:5      | Killed Grinder
  4707 | D:5      | Reached skill level 5 in Armour
  4707 | D:5      | Reached XP level 8. HP: 54/70 MP: 8/8
  5828 | D:7      | Reached skill level 11 in Axes
  5969 | D:7      | Found a flagged portal.
  5976 | Bailey   | Entered a bailey
  6016 | Bailey   | Reached skill level 12 in Axes
  6016 | Bailey   | Reached XP level 9. HP: 37/75 MP: 9/9
  6040 | Bailey   | Noticed an orc knight
  6041 | Bailey   | Found the +4 dagger "Morg" {pain, MR+ Int+5}
  6041 | Bailey   | Found an iron altar of Okawaru.
  6054 | Bailey   | HP: 3/112 [orc warrior/+0 war axe (19)]
  6055 | Bailey   | Mangled by an orc knight

Vault maps used:
D:1:      minmay_arrival_four_houses, feat_on_display
D:3:      first_ration, ebering_ghost_disaster_area, uniq_robin
D:4:      minmay_temple_entry_fiery
D:5:      uniq_grinder
D:7:      basic_altar, enter_bailey_3
Bailey:   bailey_axe_3, bailey

Skill      XL: |  1  2  3  4  5  6  7  8 |
---------------+-------------------------+-----
Axes           | 5 6 7 8 10 12 | 12.0
Fighting       | 6 |  6.1
Armour         | 5 6 |  6.1
Dodging        | |  1.5

Action                   |  1- 3 |  4- 6 |  7- 9 || total
-------------------------+-------+-------+-------++-------
Melee: Hand axe          |   124 |   204 |   194 ||   522
       War axe           |       |       |   156 ||   156
Throw: Throwing net      |       |       |     1 ||     1
Invok: Berserk           |     2 |     3 |     3 ||     8
       Trog's Hand       |       |     6 |     3 ||     9
  Use: Scroll            |     7 |       |     6 ||    13
       Potion            |       |     1 |     3 ||     4
 Stab: Sleeping          |     1 |     1 |       ||     2
  Eat: Chunk             |     1 |    11 |    11 ||    23
       Ration            |       |       |     1 ||     1
Armor: Animal skin       |    21 |    28 |    22 ||    71
       Chain mail        |       |       |   112 ||   112
Dodge: Dodged            |    76 |    90 |   179 ||   345

Table legend:
 A = Non-vault XP
 B = Vault XP
 C = Vault XP percentage of total XP
 D = Non-vault monster count
 E = Vault monster count
 F = Vault count percentage of total count
                 A         B        C        D         E       F
            +---------+---------+-------+---------+---------+-------
      Total |    1935 |     481 |  19.9 |     128 |      23 |  15.2
            +---------+---------+-------+---------+---------+-------
        D:1 |      38 |       0 |   0.0 |      19 |       0 |   0.0
        D:2 |     126 |       0 |   0.0 |      31 |       0 |   0.0
        D:3 |     279 |      38 |  12.0 |      17 |      13 |  43.3
        D:4 |     461 |       0 |   0.0 |      28 |       0 |   0.0
        D:5 |     243 |     286 |  54.1 |       8 |       1 |  11.1
        D:6 |     374 |       0 |   0.0 |       9 |       0 |   0.0
        D:7 |     414 |       6 |   1.4 |      16 |       3 |  15.8
     Bailey |       0 |     151 | 100.0 |       0 |       6 | 100.0
            +---------+---------+-------+---------+---------+-------
